 Dungeon Crawl Stone Soup version 0.30-a0-359-gd0147acb1a (webtiles) character file.

Game seed: 2511741450710919624

4484 mcwallace the Firebug (level 10, 0/59 HPs)
             Began as a Gargoyle Fire Elementalist on Nov 13, 2022.
             Was an Initiate of Gozag.
             Slain by a gnoll
             ... wielding a +0 halberd
              (8 damage)
             ... in a bailey.
             The game lasted 00:23:55 (9183 turns).

mcwallace the Firebug (Gargoyle Fire Elementalist)  Turns: 9183, Time: 00:23:55

Health: 0/59       AC: 17    Str: 14    XL:     10   Next: 38%
Magic:  18/19      EV: 13    Int: 20    God:    Gozag
Gold:   225        SH:  0    Dex: 10    Spells: 18/21 levels left

rFire   . . .      SeeInvis .    C - +7 hammer of a treasure trove {spect, rPois Str+2}
rCold   . . .      Faith    .    (no shield)
rNeg    + . .      Spirit   .    J - +0 leather armour {rPois}
rPois   ∞          Reflect  .    (no helmet)
rElec   +          Harm     .    A - +2 cloak
rCorr   .          Rampage  .    (no gloves)
Will    +....                    D - +2 pair of boots
Stlth   ++........               h - amulet of the acrobat
HPRegen 0.29/turn                R - ring of willpower
MPRegen 0.16/turn                (no ring)

@: mighty, weakened
A: sickness immunity, AC +7, negative energy resistance 1, electricity
resistance, torment resistance 1, petrification resistance
a: Renounce Religion, Potion Petition, Call Merchant, Bribe Branch


You were in a bailey.
You worshipped Gozag.
Gozag was aware of your devotion.
You visited 2 branches of the dungeon, and saw 9 of its levels.
You also visited: Bailey.

You collected 607 gold pieces.
You spent 298 gold pieces at shops.
You paid 84 gold pieces to Gozag.


Innate Abilities, Weirdness & Mutations

You are immune to sickness and miasma.
Your stone body is resilient. (AC +7)
You are immune to poison.
You resist negative energy. (rN+)
You are resistant to electric shocks. (rElec)
You are resistant to unholy torment.
You are immune to petrification.


   Skills:
 - Level 5.4 Fighting
 - Level 5.0 Armour
 + Level 5.7 Dodging
 - Level 2.1 Stealth
 + Level 6.2 Spellcasting
 + Level 7.2 Conjurations
 + Level 7.2 Fire Magic


You had 18 spell levels left.
You knew the following spells:

 Your Spells              Type           Power      Damage    Failure   Level
a - Foxfire               Conj/Fire      100%       2x1d9     1%          1
b - Scorch                Fire           70%        2d8       1%          2

Your spell library contained the following spells:

 Spells                   Type           Power      Damage    Failure   Level
 Flame Wave               Conj/Fire      35%        2d10      6%          4
 Inner Flame              Hex/Fire       20%        N/A       9%          3
 Kindle Blastsparks       Fire/Tloc/Air  30%        2d12      14%         3
 Call Canine Familiar     Summ           6%         N/A       36%         3
 Portal Projectile        Hex/Tloc       12%        N/A       36%         3
 Cause Fear               Hex            3%         N/A       77%         4
 Leda's Liquefaction      Hex/Erth       3%         N/A       77%         4
 Conjure Ball Lightning   Conj/Air       10%        3x3d6     99%         6
 Discord                  Hex            3%         N/A       100%        8
 Disjunction              Tloc           3%         N/A       100%        8

Inventory:

Hand Weapons
 B - a +0 antimagic hammer
   (You found it on level 2 of the Dungeon)
 C - the +7 hammer of a treasure trove (weapon) {spect, rPois Str+2}
   (You found it on level 2 of the Dungeon)

   When its wielder attacks, the weapon's spirit leaps out and strikes again.
   The spirit shares a part of any damage it takes with its wielder.
   Str:       It affects your strength (+2).
   rPois:     It protects you from poison.
Missiles
 a - 6 atropa-tipped darts {throwing}
 g - 39 stones {throwing}
 n - 10 poisoned darts {throwing}
 Q - 9 boomerangs {throwing}
Armour
 j - a +0 scale mail
   (You found it on level 1 of the Dungeon)
 m - an orb of guile
   (You found it on level 4 of the Dungeon)
 o - a +0 scale mail
   (You found it on level 7 of the Dungeon)
 w - a +0 scale mail
   (You found it on level 2 of the Dungeon)
 x - a +0 leather armour
   (You found it on level 2 of the Dungeon)
 A - a +2 cloak (worn)
   (You took it off Crazy Yiuf on level 2 of the Dungeon)
 D - a +2 pair of boots (worn)
   (You found it on level 3 of the Dungeon)
 E - a +0 ring mail
   (You took it off an orc on level 3 of the Dungeon)
 F - a +0 chain mail
   (You took it off an orc priest on level 3 of the Dungeon)
 H - a +0 ring mail
   (You took it off a gnoll on level 4 of the Dungeon)
 J - a +0 leather armour of poison resistance (worn)
   (You took it off Eustachio on level 4 of the Dungeon)
 L - a +0 leather armour
   (You found it on level 4 of the Dungeon)
 O - a +0 robe
   (You found it on level 5 of the Dungeon)
 P - a +0 ring mail
   (You found it on level 5 of the Dungeon)
 S - a +1 ring mail of cold resistance
   (You found it on level 6 of the Dungeon)
 V - a +0 robe
   (You took it off Dowan on level 6 of the Dungeon)
 W - a +0 ring mail
   (You took it off Duvessa on level 6 of the Dungeon)
 Y - +0 swamp dragon scales
   (You took it off Maggie on level 6 of the Dungeon)
Magical Staves
 c - a staff of fire {!astaff}
   (You found it on level 7 of the Dungeon)
 p - a staff of cold {!astaff}
   (You found it on level 3 of the Dungeon)
Jewellery
 h - an amulet of the acrobat (around neck)
   (You found it on level 1 of the Dungeon)
 r - a ring of ice
   (You found it on level 7 of the Dungeon)
 R - a ring of willpower (left hand)
   (You found it on level 6 of the Dungeon)
Wands
 T - a wand of flame (35)
   (You took it off Dowan on level 6 of the Dungeon)
 Z - a wand of charming (7)
   (You took it off Maggie on level 6 of the Dungeon)
Scrolls
 d - a scroll of immolation {unknown}
 e - a scroll of summoning {unknown}
 l - 2 scrolls of fog
 q - a scroll of silence {unknown}
 t - a scroll of enchant armour
 u - a scroll of magic mapping {unknown}
 v - 4 scrolls of identify {unknown}
 y - 4 scrolls of teleportation {unknown}
 G - a scroll of enchant weapon {unknown}
 M - 2 scrolls of blinking {!r}
 U - a scroll of acquirement {unknown}
 X - 4 scrolls of noise {unknown}
Potions
 b - 3 potions of magic
 f - a potion of curing {@q1}
 k - 2 potions of flight {unknown}
 z - a potion of cancellation {unknown}
 I - a potion of brilliance {unknown}
 K - a potion of might
 N - 2 potions of attraction {unknown}

Dungeon Overview and Level Annotations

Branches:
Dungeon (8/15) Zot: 26732  Temple (1/1) D:5 Zot: 5852  Bailey (1/1) Zot: 5661
   Lair: D:8-11

Altars:
Ashenzari
Cheibriados
Elyvilon
Fedhas
Gozag
Kikubaaqudgha
Makhleb
Nemelex Xobeh
Okawaru
Qazlal
Ru
Sif Muna
Trog
Vehumet
Wu Jian
Xom
Yredelemnul
Zin
The Shining One

Shops:
D:5 * D:7

? ♣♣♣♣♣♣♣♣♣♣♣♣
≈≈≈≈≈≈≈≈≈≈≈♣♣ ####
####..$≈≈♣♣ ...#
..8.###$$≈$♣ .$$#g....#
#..≈.♣♣
.g.g.g...#$#..≈..♣♣
.#####...# #..≈...♣
##...## + #.g≈v@.♣
#.....######g.≈v(.♣♣
$..$...#..g'..g.$..♣♣♣#
...8...'..g'....$$∩..∩#
...$...#...'....$..♣♣♣#
#.....######..≈...♣♣
##...## #..≈..♣♣ #####
$#..≈..♣ #..≈..♣


You could see a gnoll sergeant (swift), 2 gnoll boudas and 2 gnolls.


Message History

The gnoll sergeant hits you from afar with a +0 glaive.
* * * LOW HITPOINT WARNING * * *
😨 HP[-19]
You take 19 damage, and now have 21/59 hp.
MASSIVE DAMAGE!! (PAUSE)
You sock Grum!
Your +7 hammer of a treasure trove {spect, rPois Str+2} hits Grum!
Grum hits you with a -1 glaive!
* * * LOW HITPOINT WARNING * * *
The gnoll sergeant barely misses you. Grum hits you with a -1 glaive.
* * * LOW HITPOINT WARNING * * *
😱 HP[-10]
You take 10 damage, and now have 11/59 hp.
Unknown command.
You closely miss Grum.
Your +7 hammer of a treasure trove {spect, rPois Str+2} hits Grum.
The gnoll sergeant closely misses you. Grum hits you with a -1 glaive.
* * * LOW HITPOINT WARNING * * *
😱 HP[-5]
You take 5 damage, and now have 6/59 hp.
You feel much better. The gnoll sergeant barely misses you.
Grum closely misses you.
The gnoll bouda gazes fiercely through you!
You feel as though you will be weak longer. 😨 HP[+20]
You regained 20 hp, and now have 26/59 hp.
You feel very mighty all of a sudden.
The gnoll bouda is no longer moving quickly.
The gnoll sergeant closely misses you. Grum closely misses you.
The gnoll bouda barks out a call to the hunt!
The gnoll bouda picks up the pace! 😨 HP[+1]
You hit Grum.
You kill Grum!
The gnoll sergeant hits you from afar with a +0 glaive!
* * * LOW HITPOINT WARNING * * *
The gnoll bouda gazes fiercely through you!
You feel as though you will be weak longer.
The gnoll sergeant hits you from afar with a +0 glaive!
* * * LOW HITPOINT WARNING * * *
😱 HP[-24]
You take 24 damage, and now have 3/59 hp.
MASSIVE DAMAGE!! (PAUSE)
The gnoll bouda is distracted by your dazzling golden aura. 😱 HP[+1]
The gnoll bouda is no longer distracted by gold.
The gnoll sergeant completely misses you.
The gnoll sergeant is no longer moving quickly.
The gnoll bouda barks out a call to the hunt!
The gnoll sergeant picks up the pace!
There is an open door here.
The gnoll sergeant completely misses you.
There is an open door, spattered with blood here.
Items here: $ ))) [[[. 😱 HP[+1]
You feel better.
The gnoll sergeant closely misses you. 😱 HP[+9]
You regained 9 hp, and now have 14/59 hp.
The gnoll bouda barks out a call to the hunt! 😨 HP[+1]
The gnoll sergeant hits you from afar with a +0 glaive!
* * * LOW HITPOINT WARNING * * *
😱 HP[-11]
You take 11 damage, and now have 4/59 hp.
The gnoll bouda is no longer moving quickly.
The gnoll bouda gazes fiercely through you!
You feel as though you will be weak longer. 😱 HP[+1]
The gnoll bouda gazes fiercely through you!
You feel as though you will be weak longer.
The gnoll bouda barks out a call to the hunt!
The gnoll bouda picks up the pace!
The gnoll sergeant barely misses you.
There is an open door here.
The gnoll bouda is no longer moving quickly.
The gnoll bouda barks out a call to the hunt!
The gnoll bouda picks up the pace! 😱 HP[+1]
The gnoll sergeant closely misses you.
The gnoll sergeant is no longer moving quickly.
The gnoll bouda barks out a call to the hunt!
The gnoll sergeant picks up the pace!
Items here: $ ( ) [.
The gnoll bouda gazes fiercely through you!
You feel as though you will be weak longer.
There is an open gate here. 😱 HP[+1]
The gnoll bouda gazes fiercely through you!
You feel as though you will be weak longer.
The gnoll is no longer moving quickly.
The gnoll sergeant barely misses you.
The gnoll bouda barks out a call to the hunt!
The gnoll picks up the pace! 😱 HP[+1]
Casting: Foxfire (safe; 1% risk of failure)
Press: ? - help, Q - select action, (/) - cycle Dir - look around, f - activate You conjure some foxfire!
The gnoll is no longer moving quickly.
The gnoll hits you from afar with a +0 halberd!
You die...
Your body crumbles into a pile of gold.

Skill      XL: |  1  2  3  4  5  6  7  8  9 10 |
---------------+-------------------------------+-----
Fighting       | 1 2 3 4 5 |  5.4
Dodging        | 2 3 4 5 |  5.7
Conjurations   | 2 3 4 5 6 7 |  7.2
Spellcasting   | 3 4 5 6 |  6.2
Fire Magic     | 4 5 6 7 |  7.2
Armour         | 2 3 5 |  5.0
Stealth        | |  2.1

Action                   |  1- 3 |  4- 6 |  7- 9 | 10-12 || total
-------------------------+-------+-------+-------+-------++-------
Melee: Club              |    49 |       |       |       ||    49
       Unarmed           |     3 |       |       |       ||     3
       Short sword       |       |    41 |       |       ||    41
       Mace              |       |    15 |    52 |    61 ||   128
       Punch             |       |     1 |       |       ||     1
 Cast: Foxfire           |    50 |    58 |   161 |    28 ||   297
       Scorch            |       |     6 |    10 |       ||    16
Evoke: Wand              |       |       |       |     1 ||     1
  Use: Potion            |       |       |     3 |     6 ||     9
       Scroll            |       |       |     2 |       ||     2
 Stab: Sleeping          |     1 |       |     1 |       ||     2
       Distracted        |     1 |       |     1 |       ||     2
Armor: Robe              |    22 |    23 |     6 |       ||    51
       Leather armour    |       |       |     9 |    32 ||    41
Dodge: Dodged            |    45 |    34 |    42 |   117 ||   238

Levels and vault maps discovered:
D:1:      dpeg_arrival_fog, layout_basic
D:2:      layout_loops_corners, shapermc_ecumenical_altar_ellora, basic_altar,
          uniq_crazy_yiuf_cottage
D:3:      layout_rooms, okawaru_trees_2, serial_bayou_pond_c
D:4:      layout_loops_ring, lemuel_tele_altar,
          mainiacjoe_overflow_surrounded_room, serial_forest,
          infiniplex_forest_straight_2, infiniplex_forest_diagonal,
          infiniplex_forest_lined_3, infiniplex_forest_clump_double,
          infiniplex_forest_clump_small, infiniplex_forest_clump_diagonal,
          infiniplex_forest_lined_room_2, infiniplex_forest_straight_5,
          infiniplex_forest_diagonal, hangedman_abyss_or_decor_slice,
          dreamdust_gnoll_farm, uniq_menkaure, uniq_natasha, uniq_eustachio
D:5:      layout_loops_corners, minmay_temple_entry_mist, serial_shops,
          shop_fountains
D:6:      layout_basic, uniq_duvessa, uniq_maggie
D:7:      layout_cave_pools, mainiacjoe_overflow_brackets, serial_shops,
          nicolae_inconvenience_store, minmay_fire_ice_demons
D:8:      layout_basic, grunt_dithmenos_shadows, enter_bailey_3,
          minmay_unpleasant_kobolds
Temple:   compressed_dpeg_circular_temple
Bailey:   bailey_polearm_gnolls_kennysheep, bailey

Notes
Turn   | Place    | Note
-------+----------+-------------------------------------------
     0 | D:1      | mcwallace the Gargoyle Fire Elementalist began the quest
                  | for the Orb.
     0 | D:1      | Reached XP level 1. HP: 10/10 MP: 3/3
     0 | D:1      | magus.rc [v1.9.6]
   169 | D:1      | HP: 1/10 [hobgoblin (4)]
   250 | D:1      | Reached XP level 2. HP: 16/16 MP: 0/5
   625 | D:1      | HP: 1/16 [frozen (5)]
   731 | D:1      | Reached skill level 1 in Fighting
   816 | D:1      | Reached XP level 3. HP: 20/20 MP: 2/6
  1299 | D:2      | You fall into a shaft and drop 2 floors!
  1367 | D:4      | Noticed an ogre
  1395 | D:4      | Killed an ogre
  1396 | D:4      | Reached skill level 2 in Fighting
  1396 | D:4      | Reached skill level 2 in Dodging
  1396 | D:4      | Reached skill level 2 in Conjurations
  1396 | D:4      | Reached XP level 4. HP: 26/26 MP: 0/8
  1396 | D:4      | Reached XP level 5. HP: 30/30 MP: 0/9
  1544 | D:4      | Found a shimmering altar of Xom.
  1588 | D:3      | Found an iron altar of Okawaru.
  1891 | D:2      | Found a faded altar of an unknown god.
  1982 | D:2      | You pick up a book of Hexes and begin reading...
  1982 | D:2      | You add the spells Cause Fear and Discord to your library.
  2268 | D:2      | Found a shimmering blue altar of Sif Muna.
  2473 | D:2      | Found a runed translucent door.
  2474 | D:2      | Noticed Crazy Yiuf
  2805 | D:2      | Learned a level 2 spell: Scorch
  2817 | D:2      | Killed Crazy Yiuf
  2833 | D:2      | Identified the +7 hammer of a treasure trove {spect, rPois
                  | Str+2}
  3160 | D:3      | Reached skill level 3 in Spellcasting
  3506 | D:4      | Noticed Eustachio
  3643 | D:4      | Reached XP level 6. HP: 36/36 MP: 6/10
  3647 | D:4      | Reached skill level 4 in Fire Magic
  3776 | D:4      | Killed Eustachio
  3777 | D:4      | Reached skill level 3 in Fighting
  3777 | D:4      | Reached skill level 3 in Conjurations
  3913 | D:4      | Noticed Menkaure
  3920 | D:4      | Killed Menkaure
  3921 | D:4      | Reached skill level 3 in Dodging
  3921 | D:4      | Reached XP level 7. HP: 41/41 MP: 6/12
  3978 | D:4      | Found a blossoming altar of Fedhas.
  4067 | D:4      | Reached skill level 1 in Armour
  4232 | D:4      | Noticed Natasha
  4241 | D:4      | Killed Natasha
  4594 | D:4      | Noticed Natasha
  4602 | D:4      | Killed Natasha
  4617 | D:4      | Noticed Natasha
  4621 | D:4      | Killed Natasha
  4825 | D:5      | Entered Level 5 of the Dungeon
  4825 | D:5      | Found Kuashradd's General Store.
  4828 | D:5      | Bought a potion of curing for 36 gold pieces
  4828 | D:5      | Bought a scroll of blinking for 90 gold pieces
  4848 | D:5      | Reached skill level 4 in Conjurations
  4881 | D:5      | You pick up a book of the Hunter and begin reading...
  4881 | D:5      | You add the spells Call Canine Familiar, Portal Projectile
                  | and Leda's Liquefaction to your library.
  4980 | D:5      | Reached skill level 2 in Armour
  4980 | D:5      | Reached XP level 8. HP: 48/48 MP: 13/13
  5072 | D:5      | Reached skill level 4 in Spellcasting
  5176 | D:5      | Reached skill level 4 in Fighting
  5223 | D:5      | Reached skill level 5 in Fire Magic
  5365 | D:5      | Found a staircase to the Ecumenical Temple.
  5374 | Temple   | Entered the Ecumenical Temple
  5493 | Temple   | Became a worshipper of Gozag Ym Sagoz the Greedy
  6267 | D:6      | Noticed Maggie
  6272 | D:6      | Reached skill level 3 in Armour
  6296 | D:6      | HP: 4/48 [Maggie/bolt of fire (16)]
  6297 | D:6      | HP: 1/48 [Maggie/bolt of fire (12)]
  6302 | D:6      | HP: 5/48 [Maggie/+0 long sword (2)]
  6309 | D:6      | Killed Maggie
  6310 | D:6      | Reached skill level 4 in Dodging
  6310 | D:6      | Reached skill level 5 in Conjurations
  6497 | D:6      | Reached XP level 9. HP: 53/53 MP: 10/15
  6656 | D:6      | Noticed Duvessa
  6658 | D:6      | Noticed Dowan
  6660 | D:6      | Killed Duvessa
  6669 | D:6      | Killed Dowan
  6670 | D:6      | Reached skill level 5 in Fighting
  7292 | D:7      | Reached skill level 4 in Armour
  7418 | D:7      | You pick up a book of Chaos and begin reading...
  7418 | D:7      | You add the spells Conjure Ball Lightning and Disjunction
                  | to your library.
  7606 | D:7      | Reached skill level 5 in Spellcasting
  7856 | D:7      | Found a radiant altar of Vehumet.
  8069 | D:7      | Found Elubem's Magic Scroll Emporium.
  8544 | D:7      | Bought a scroll of fog for 60 gold pieces
  8544 | D:7      | Bought a scroll of enchant armour for 112 gold pieces
  8636 | D:8      | Reached skill level 6 in Fire Magic
  8678 | D:7      | Reached skill level 6 in Conjurations
  8718 | D:8      | Noticed a two-headed ogre
  8728 | D:8      | Killed a two-headed ogre
  8729 | D:8      | Reached skill level 5 in Armour
  8729 | D:8      | Reached skill level 5 in Dodging
  8744 | D:8      | Reached XP level 10. HP: 27/59 MP: 5/18
  8849 | D:8      | Found a flagged portal.
  8864 | Bailey   | Entered a bailey
  8916 | Bailey   | HP: 13/59 [gnoll sergeant/+3 glaive (8)]
  8918 | Bailey   | Reached skill level 6 in Spellcasting
  8932 | Bailey   | HP: 14/59 [gnoll/+0 halberd (9)]
  8938 | Bailey   | Reached skill level 7 in Conjurations
  9082 | Bailey   | Reached skill level 7 in Fire Magic
  9138 | Bailey   | Noticed Grum
  9154 | Bailey   | HP: 13/59 [Grum/-1 glaive (9)]
  9155 | Bailey   | HP: 6/59 [Grum/-1 glaive (5)]
  9158 | Bailey   | Killed Grum
  9169 | Bailey   | HP: 4/59 [gnoll sergeant/+0 glaive (11)]
  9183 | Bailey   | Slain by a gnoll

Vanquished Creatures
  A two-headed ogre (D:8)
  Maggie (D:6)
  Eustachio (D:4)
  A wyvern (D:8)
  Grum (Bailey)
  Menkaure (D:4)
  2 water moccasins
  Duvessa (D:6)
  An orc warrior (D:7)
  3 ogres
  2 black bears
  3 wolves (Bailey)
  2 centaurs
  3 kobold brigands (D:8)
  3 gnoll sergeants (Bailey)
  2 necrophages
  3 scorpions
  3 wights (D:7)
  Dowan (D:6)
  A howler monkey (D:5)
  A crimson imp (D:7)
  Crazy Yiuf (D:2)
  A jelly (D:6)
  5 hounds
  An orc priest (D:3)
  5 gnoll boudas
  2 iguanas
  Natasha (thrice) (D:4)
  An orc wizard (D:7)
  22 gnolls
  2 adders
  3 white imps
  3 ufetubi
  2 worms
  4 dart slugs
  13 orcs
  4 ball pythons
  6 bats
  5 endoplasms
  3 giant cockroaches
  10 goblins
  6 hobgoblins
  5 quokkas
  7 kobolds
  A rat (D:1)
152 creatures vanquished.

Vanquished Creatures (collateral kills)
  16 foxfires
16 creatures vanquished.

Vanquished Creatures (others)
  479 foxfires
  4 fungi (D:4)
  7 plants
490 creatures vanquished.

Grand Total: 658 creatures vanquished

Table legend:
 A = Non-vault XP
 B = Vault XP
 C = Vault XP percentage of total XP
 D = Non-vault monster count
 E = Vault monster count
 F = Vault count percentage of total count
                 A         B        C        D         E       F
            +---------+---------+-------+---------+---------+-------
      Total |    3768 |    2638 |  41.2 |     108 |      44 |  28.9
            +---------+---------+-------+---------+---------+-------
        D:1 |      45 |       0 |   0.0 |      21 |       0 |   0.0
        D:2 |      33 |      44 |  57.1 |      12 |       1 |   7.7
        D:3 |      63 |       0 |   0.0 |      10 |       0 |   0.0
        D:4 |     365 |     505 |  58.0 |      11 |       7 |  38.9
        D:5 |     515 |       0 |   0.0 |      10 |       0 |   0.0
        D:6 |     434 |     582 |  57.3 |      15 |       3 |  16.7
        D:7 |     900 |      60 |   6.2 |      17 |       2 |  10.5
        D:8 |    1413 |     296 |  17.3 |      12 |      10 |  45.5
     Bailey |       0 |    1151 | 100.0 |       0 |      21 | 100.0
            +---------+---------+-------+---------+---------+-------

Illustrated notes

Table legend:
 A = Kills in this place as a percentage of kills in entire the game.
 B = Kills by you in this place as a percentage of kills by you in the entire game.
 C = Kills by friends in this place as a percentage of kills by friends in the entire game.
 D = Other kills in this place as a percentage of other kills in the entire game.
 E = Experience gained in this place as a percentage of experience gained in the entire game.
 F = Experience gained in this place divided by the number of levels of this place that you have seen.
                   A       B       C       D       E      F
               +-------+-------+-------+-------+-------+----------------------
         Total | 100.0 | 100.0 |   N/A |   N/A | 100.0 | 640.6
       Dungeon |  86.2 |  86.2 |   N/A |   N/A |  82.0 | 656.9
        Bailey |  13.8 |  13.8 |   N/A |   N/A |  18.0 | 1151.0
               +-------+-------+-------+-------+-------+----------------------

Table legend: (Time is in decaauts)
 A = Elapsed time spent in this place.
 B = Non-inter-level travel time spent in this place.
 C = Inter-level travel time spent in this place.
 D = Time resting spent in this place.
 E = Time spent auto-exploring this place.
 F = Levels seen in this place.
 G = Mean time per level.
                   A        B        C        D        E       F      G
               +--------+--------+--------+--------+--------+-----+--------+
         Total |   9253 |   8819 |    434 |    201 |   6953 |  10 |  925.3 |
       Dungeon |   8767 |   8333 |    434 |     79 |   6890 |   8 | 1095.9 |
        Temple |    147 |    147 |      0 |      0 |     63 |   1 |  147.0 |
        Bailey |    337 |    337 |      0 |    122 |      0 |   1 |  337.0 |
               +--------+--------+--------+--------+--------+-----+--------+

Top non-repeatable levels by time:
     D:4: 1551 daAuts
     D:7: 1442 daAuts
     D:2: 1428 daAuts
     D:6: 1158 daAuts
     D:1: 1126 daAuts
     D:5: 1077 daAuts
     D:3: 740 daAuts
  Bailey: 337 daAuts
     D:8: 242 daAuts
  Temple: 147 daAuts
